 Dungeon Crawl Stone Soup version 0.20-a0-792-g09bcfd3 (webtiles) character file.

747 Alarkh the Slasher (level 7, -8/55 HPs)
             Began as a Demonspawn Monk on Feb 28, 2017.
             Was a Follower of Okawaru.
             Killed from afar by an oklob sapling (14 damage)
             ... with a splash of acid
             ... on level 5 of the Dungeon.
             The game lasted 00:08:03 (5088 turns).

Alarkh the Slasher (Demonspawn Monk)                Turns: 5088, Time: 00:08:04

Health: -8/55      AC:  2    Str: 11    XL:     7   Next: 48%
Magic:  5/7        EV: 11    Int: 14    God:    Okawaru [*.....]
Gold:   204        SH:  8    Dex: 15    Spells: 6/6 levels left

rFire    . . .     SeeInvis +   a - +0 falchion
rCold    + . .     Gourm    .   y - +2 leather armour {rC+}
rNeg     + . .     Faith    .   r - +0 shield
rPois    .         Spirit   .   n - +1 helmet
rElec    .         Reflect  .   (no cloak)
rCorr    .         Harm     .   (no gloves)
MR       .....                  (no boots)
Stlth    ++........             (no amulet)
Regen    0.2/turn               f - ring of see invisible
MPRegen  0.1/turn               v - ring of positive energy

@: corroded
A: hooves 1, yellow scales 2, powered by death 1
a: Heroism, Renounce Religion


You were on level 5 of the Dungeon.
You worshipped Okawaru.
Okawaru was aware of your devotion.
You were very hungry.

You visited 2 branches of the dungeon, and saw 6 of its levels.

You collected 204 gold pieces.

Inventory:

Hand Weapons
 a - a +0 falchion (weapon)
Armour
 b - a +0 robe
 m - a +1 animal skin
 n - a +1 helmet (worn)
 r - a +0 shield (worn)
 y - a +2 leather armour of cold resistance (worn)
Jewellery
 f - a ring of see invisible (right hand)
 g - an uncursed ring of fire
 j - an uncursed ring of magical power
 v - a ring of positive energy (left hand)
Scrolls
 d - a scroll of remove curse
 e - a scroll of identify
 l - 4 scrolls of teleportation
 o - 2 scrolls of blinking {unknown}
 t - a scroll of fear
 u - 2 scrolls of amnesia {unknown}
 x - a scroll of magic mapping {unknown}
Potions
 k - 5 potions of curing
 p - 2 potions of magic
 w - a potion of brilliance
Books
 z - a book of Necromancy

   Spells                             Type                      Level
   a - Pain                           Necromancy                   1
   b - Animate Skeleton               Necromancy                   1
   c - Vampiric Draining              Necromancy                   3
   d - Regeneration                   Charms/Necromancy            3
   e - Animate Dead                   Necromancy                   4
   f - Control Undead                 Necromancy                   4
Comestibles
 c - 4 bread rations
 i - 2 meat rations
 s - 2 royal jellies


   Skills:
 + Level 4.5 Fighting
 * Level 5.8 Long Blades
 + Level 4.6 Dodging
 - Level 1.7 Stealth
 + Level 2.2 Shields


You had 6 spell levels left.
You didn't know any spells.

Dungeon Overview and Level Annotations

Branches:
Dungeon (5/15)             Temple (1/1) D:5

Altars:
Ashenzari
Cheibriados
Dithmenos
Elyvilon
Fedhas
Gozag
Kikubaaqudgha
Makhleb
Nemelex Xobeh
Okawaru
Qazlal
Ru
Sif Muna
Trog
Uskayaw
Vehumet
Wu Jian
Xom
Yredelemnul
Zin
The Shining One

Annotations:
D:5 1 runed door, exclusion: oklob sapling, 4thArraOfDagon's ghost, amateur BaFi


Innate Abilities, Weirdness & Mutations

You have large cloven feet.
You are mostly covered in yellow scales. (AC +3)
You regenerate a little health from kills.


Message History

The oklob sapling is heavily damaged.
You hit the oklob sapling but do no damage.
The oklob sapling is heavily damaged.
The oklob sapling spits acid at you. The splash of acid hits you!
The acid corrodes you!
You are splashed with acid!
The acid burns!
* * * LOW HITPOINT WARNING * * *
You hit the oklob sapling but do no damage.
The oklob sapling is heavily damaged.
You feel like a meek peon again.
You aren't carrying any items that you can evoke.
Unknown command.
You hit the oklob sapling.
You kick the oklob sapling, but do no damage.
The oklob sapling is severely damaged.
You hit the oklob sapling but do no damage.
The oklob sapling is severely damaged.
The oklob sapling spits acid at you. The splash of acid hits you!
You die...

.# .. ###.# ......###.#.
##...#...........#.
###..#.#.............
#....P..(.# #.......
#P.PPP.P..# ##.......
#.PP.PP...# #........
####.P.@PPP..# #........
+...PP..PPP..###..(.....
##...PPP.P.............>
#.#P..PP....###........
.. ##........# ########.
#. #........# #. .
#........# #. #........#
########
######.######.....#


You could see an oklob sapling.

Vanquished Creatures
  Sigmund (D:3)
  2 ogres (D:4)
  2 hounds (D:4)
  An orc wizard (D:4)
  An iguana (D:4)
  3 worker ants
  A hound skeleton (D:4)
  Robin (D:2)
  A howler monkey skeleton (D:4)
  3 adders
  4 oozes (D:1)
  4 worms (D:2)
  4 dart slugs
  The ghost of Sapher the Ruffian, a weakling GrTm (D:3)
  5 leopard geckos
  17 orcs
  A ball python (D:4)
  10 bats
  3 giant cockroaches
  7 hobgoblins
  12 jackals
  2 quokkas
  4 frilled lizards
  16 goblins
  8 kobolds
  10 rats
  A plant (D:5)
125 creatures vanquished.

Notes
Turn   | Place    | Note
-------+----------+-------------------------------------------
     0 | D:1      | Alarkh the Demonspawn Monk began the quest for the Orb.
     0 | D:1      | Reached XP level 1. HP: 18/18 MP: 1/1
    23 | D:1      | Gained mutation: You regenerate a little health from kills. [demonic ancestry]
    23 | D:1      | Reached XP level 2. HP: 19/24 MP: 2/2
    67 | D:1      | Reached skill level 3 in Long Blades
   470 | D:1      | Gained mutation: You are partially covered in yellow scales. (AC +2) [demonic ancestry]
   470 | D:1      | Reached XP level 3. HP: 29/29 MP: 3/3
  1184 | D:2      | Gained mutation: You are mostly covered in yellow scales. (AC +3) [demonic ancestry]
  1184 | D:2      | Reached XP level 4. HP: 21/35 MP: 4/4
  1682 | D:2      | Noticed Robin
  1693 | D:2      | Killed Robin
  1693 | D:2      | Reached skill level 4 in Long Blades
  2054 | D:2      | Reached XP level 5. HP: 41/41 MP: 5/5
  2376 | D:3      | Noticed Sapher's ghost (weakling GrTm)
  2391 | D:3      | Killed Sapher's ghost
  2435 | D:3      | Noticed Sigmund
  3340 | D:4      | Reached XP level 6. HP: 37/48 MP: 6/6
  3393 | D:4      | HP: 2/48 [ogre/giant club (17)]
  3397 | D:4      | Reached skill level 5 in Long Blades
  3397 | D:4      | Reached skill level 1 in Shields
  3715 | D:3      | Killed Sigmund
  3715 | D:3      | Gained mutation: You have large cloven feet. [demonic ancestry]
  3715 | D:3      | Reached XP level 7. HP: 39/54 MP: 7/7
  4272 | D:5      | Entered Level 5 of the Dungeon
  4298 | D:5      | Found a runed door.
  4298 | D:5      | Found a glowing silver altar of Zin.
  4298 | D:5      | Noticed an angel
  4307 | D:5      | Noticed 4thArraOfDagon's ghost (amateur BaFi)
  4584 | D:5      | Found a sacrificial altar of Ru.
  4596 | D:5      | Found a staircase to the Ecumenical Temple.
  4687 | Temple   | Entered the Ecumenical Temple
  5051 | Temple   | Became a worshipper of Warmaster Okawaru
  5051 | Temple   | Reached * piety under Okawaru
  5051 | Temple   | Reached ** piety under Okawaru
  5088 | D:5      | Killed from afar by an oklob sapling

Vault maps used:
D:1:      onia_arrival_handbag
D:2:      minmay_kobold_bridge, serial_park_tiny_2, uniq_robin
D:3:      uniq_sigmund
D:4:      kennysheep_generic_room_16
D:5:      minmay_temple_entry_oklob, first_bread, basic_altar,
          lemuel_angel_altar, uniq_edmund
Temple:   dpeg_three_leaves_temple

Skill      XL: |  1  2  3  4  5  6  7 |
---------------+----------------------+-----
Long Blades    | 3 4 5 |  5.8
Dodging        | 3 4 |  4.6
Fighting       | 4 |  4.5
Shields        | 1 2 |  2.2
Stealth        | |  1.7

Action                   |  1- 3 |  4- 6 |  7- 9 || total
-------------------------+-------+-------+-------++-------
Melee: Falchion          |   144 |   346 |   228 ||   718
       Kick              |       |       |   104 ||   104
Invok: Heroism           |       |       |     2 ||     2
  Use: Potion            |     1 |     4 |     1 ||     6
       Scroll            |       |     5 |     3 ||     8
 Stab: Sleeping          |     8 |     4 |       ||    12
       Invisible         |       |     1 |       ||     1
  Eat: Chunk             |     1 |     9 |     4 ||    14
Armor: Robe              |    36 |     6 |       ||    42
       Skin              |       |    24 |       ||    24
       Animal skin       |       |    84 |    26 ||   110
       Leather armour    |       |       |     8 ||     8
Dodge: Dodged            |   127 |   214 |    68 ||   409
Block: Shield            |       |    55 |    47 ||   102
       Rpst.: Falchion   |    43 |    62 |    21 ||   126
